AoeStats
← kill.kaNe

Arabia

508443216Analyzed
1v1 RM · 8d ago on Sep 22, 2026· 32m 1s· 2 players
Game mode
Random Map
Map size
Tiny (2 player)
Population
200
Speed
Normal
Resources
Standard
Victory
Conquest
Starting age
Dark Age
Ending age
Imperial Age
RankedLock teamsTeams togetherTeam positionsShared explorationLock speedFull tech treeHidden civsTurbo modeCheats
Victory
Defeat
🇪🇸 Turks · Spain
300
+13
🇲🇪 Persians · Montenegro
232
-13
ljubob
0:43 Loom
12:40 Feudal Age
15:10 Wheelbarrow
15:25 Double-Bit Axe
23:26 Horse Collar
30:40 Castle Age
kill.kaNe
11:02 Feudal Age
11:32 Double-Bit Axe
13:06 Wheelbarrow
12:02 Man-at-Arms
25:11 Castle Age
24:03 Padded Archer Armor
24:03 Scale Mail Armor
24:31 Gold Mining
28:27 Scale Barding Armor
29:53 Hand Cart
29:36 Stone Mining
30:19 Chain Barding Armor
Connection lost

Rejoining the realm…

Still unreachable

The connection could not be restored.

Session expired

The server has moved on; the page needs a fresh start.